 Dungeon Crawl Stone Soup version 0.31.0-11-ge490571c62 (webtiles) character file.

Game seed: 4412346593060736729

262 Curundu the Chopper (level 5, -2/47 HPs)
             Began as a Minotaur Berserker on Jan 31, 2024.
             Was a Believer of Trog.
             Slain by an orc warrior
             ... wielding a +0 glaive
              (19 damage)
             ... on level 4 of the Dungeon.
             The game lasted 00:07:32 (2509 turns).

Curundu the Chopper (Minotaur Berserker)            Turns: 2509, Time: 00:07:34

Health: -2/47      AC: 11    Str: 29    XL:     5   Next: 97%
Magic:  4/4        EV: 12    Int:  4    God:    Trog [**....]
Gold:   135        SH:  0    Dex: 10    Spells: 4/4 levels left

rFire   x x .        k - +3 quarterstaff (chaos)
rCold   x x .        (shield currently unavailable)
rNeg    . . .        b - +0 animal skin
rPois   +            (helmet restricted)
rElec   .            j - +0 cloak
rCorr   .            (no gloves)
SInv    .            (no boots)
Will    .....        p - amulet of Elemental Vulnerability {rPois rF-- rC-- AC+8}
Stlth   +            o - +6 ring of strength
HPRegen 0.27/turn    (no ring)
MPRegen 0.09/turn

%: no passive effects
@: no status effects
A: horns 2, retaliatory headbutt
a: Renounce Religion, Berserk, Trog's Hand


You were on level 4 of the Dungeon.
You worshipped Trog.
Trog was pleased with you.
You visited 1 branch of the dungeon, and saw 4 of its levels.

You collected 135 gold pieces.

Inventory:

Hand Weapons
 a - a +0 hand axe
 k - a +3 quarterstaff of chaos (weapon)
Armour
 b - a +0 animal skin (worn)
 j - a +0 cloak (worn)
Jewellery
 o - a +6 ring of strength (left hand)
 p - the amulet of Elemental Vulnerability (around neck) {rPois rF-- rC-- AC+8}
   (You found it on level 3 of the Dungeon)

   [amulet of nothing]

   AC+8:      It affects your AC (+8).
   rF--:      It makes you very vulnerable to fire.
   rC--:      It makes you very vulnerable to cold.
   rPois:     It protects you from poison
Wands
 r - a wand of polymorph (12)
Scrolls
 c - 2 scrolls of identify {unknown}
 d - a scroll of teleportation {unknown}
 g - a scroll of noise {unknown}
 h - a scroll of revelation {unknown}
 i - a scroll of poison {unknown}
 l - a scroll of brand weapon {unknown}
 q - a scroll of enchant armour {unknown}
Potions
 e - 2 potions of brilliance {unknown}
 f - 2 potions of curing {unknown}
 m - a potion of berserk rage {unknown}
 n - 2 potions of cancellation {unknown}


   Skills:
 + Level 4.9 Fighting
 + Level 5.3 Axes
 + Level 2.4 Staves
 + Level 2.7 Armour
 + Level 3.6 Dodging
 + Level 1.2 Stealth


You had 4 spell levels left.
You didn't know any spells.
Your spell library was empty.

Dungeon Overview and Level Annotations

Branches:
Dungeon (4/15)
 Temple: D:4-7

Altars:
Elyvilon
Gozag
Hepliaklqana
Kikubaaqudgha
Makhleb
Sif Muna
Uskayaw


Innate Abilities, Weirdness & Mutations

You have a pair of horns on your head.
You reflexively headbutt those who attack you in melee.


Message History

An orc priest is nearby!
An orc priest comes into view. It is wielding a +0 mace.
The orc priest looks satisfied for a moment.
An orc comes into view. It is wielding a +0 hand axe.
Your skin crawls.
You feel strong-willed.
You feel the effects of Trog's Hand fading.
The orc priest shouts!
An orc priest comes into view. It is wielding a +0 dagger.
An orc warrior comes into view. It is wielding a +0 glaive.
The orc warrior shouts!
You hear a distant slurping noise.
A giant cockroach comes into view.
You thump the orc priest!
The orc priest appears confused.
Your headbutt misses the orc priest.
The orc priest is severely wounded.
The orc priest invokes the aid of Beogh against you.
Beogh smites you!
* * * LOW HITPOINT WARNING * * *
You barely miss the orc priest.
You headbutt the orc priest, but do no damage.
The orc priest is severely wounded.
The giant cockroach completely misses you.
You barely miss the orc. You headbutt the orc.
You kill the orc!
Trog accepts your kill.
The giant cockroach bites you but does no damage.
You sock the orc priest!
The orc priest blinks!
The orc priest is severely wounded.
Your skin stops crawling.
You feel less strong-willed.
The giant cockroach bites you but does no damage.
The orc priest hits you but does no damage.
The orc priest calls down the wrath of Beogh upon you.
You barely resist.
You catch the helpless orc priest completely off-guard!
You hit the orc priest. You burn the orc priest.
The orc priest is almost dead.
The giant cockroach barely misses you.
The orc priest hits you but does no damage.
The orc warrior hits you from afar with a +0 glaive!!
You die...

....# #...# #...#
#... #.o. #.o#
#B)# #
#.@#######.#
#o.........#
#.....o#....†...#
#...#.###.#.#.###
.....#####..#.# .
#####.......#.# ..
##.###...#.#
...####..# #<....#
.........###...###


You could see an orc warrior, 3 orc priests and a giant cockroach.

Vanquished Creatures
  A scorpion (D:4)
  Crazy Yiuf (D:2)
  An iguana (D:4)
  Robin (D:3)
  A gnoll (D:1)
  5 adders
  2 ribbon worms (D:3)
  A dart slug (D:3)
  7 orcs
  3 ball pythons (D:2)
  7 endoplasms
  3 giant cockroaches
  4 hobgoblins
  2 kobolds
  2 quokkas
  5 bats
  2 frilled lizards (D:1)
  16 goblins
  6 rats
70 creatures vanquished.

Vanquished Creatures (others)
  An endoplasm (D:3)
  A goblin (D:3)
2 creatures vanquished.

Grand Total: 72 creatures vanquished

Notes
Turn   | Place    | Note
-------+----------+-------------------------------------------
     0 | D:1      | Curundu the Minotaur Berserker began the quest for the Orb.
     0 | D:1      | Reached XP level 1. HP: 19/19 MP: 0/0
   114 | D:1      | Reached skill level 4 in Axes
   114 | D:1      | Reached XP level 2. HP: 11/27 MP: 1/1
   824 | D:2      | Reached XP level 3. HP: 29/33 MP: 2/2
   915 | D:2      | Found a hazy altar of Hepliaklqana.
  1432 | D:2      | Reached XP level 4. HP: 41/41 MP: 3/3
  1450 | D:2      | Found a runed translucent door.
  1451 | D:2      | Noticed Crazy Yiuf
  1458 | D:2      | Killed Crazy Yiuf
  1689 | D:3      | Noticed Robin
  1698 | D:3      | Reached skill level 5 in Axes
  1698 | D:3      | Reached ** piety under Trog
  1708 | D:3      | Killed Robin
  1716 | D:3      | Reached XP level 5. HP: 21/47 MP: 4/4
  1733 | D:3      | Reached skill level 1 in Stealth
  1734 | D:3      | Found a shimmering blue altar of Sif Muna.
  1885 | D:3      | Found a white marble altar of Elyvilon.
  1886 | D:3      | Found a hide-covered altar of Uskayaw.
  1886 | D:3      | Found an ancient bone altar of Kikubaaqudgha.
  1889 | D:3      | Found a burning altar of Makhleb.
  1953 | D:3      | Found an opulent altar of Gozag.
  2115 | D:3      | Reached skill level 1 in Staves
  2167 | D:3      | Found the amulet of Elemental Vulnerability {rPois rF--
                  | rC-- AC+8}
  2504 | D:4      | Noticed an orc warrior
  2509 | D:4      | Slain by an orc warrior

Illustrated notes

Levels and vault maps discovered:
D:1:      minmay_arrival_four_circles, layout_basic, hangedman_decor_opposing,
          kennysheep_minor_cross, minmay_misc_feat_alley
D:2:      layout_loops_cross, basic_altar, minmay_misc_feat_enclosed,
          uniq_crazy_yiuf_cottage
D:3:      layout_loops_ring, grunt_temple_overflow_open,
          nicolae_gozag_cash_rules_everything_around_me,
          minmay_misc_feat_diagonals, uniq_robin
D:4:      layout_loops_ring, chequers_temple_overflow_statue_of_worship,
          kennysheep_another_room, uniq_blork_the_orc, uniq_eustachio, uniq_ijyb

Skill      XL: |  1  2  3  4  5 |
---------------+----------------+-----
Fighting       | 4 |  4.9
Axes           | 4 5 |  5.3
Dodging        | 3 |  3.6
Stealth        | 1 |  1.2
Staves         | 2 |  2.4
Armour         | |  2.7

Action                     |  1- 3 |  4- 6 || total
---------------------------+-------+-------++-------
  Melee: Hand axe          |    56 |     2 ||    58
         Headbutt          |     6 |     9 ||    15
         Quarterstaff      |       |    65 ||    65
 Invoke: Berserk           |       |     2 ||     2
         Trog's Hand       |       |     1 ||     1
   Stab: Sleeping          |     1 |       ||     1
         Confused          |       |     1 ||     1
 Armour: Animal skin       |    39 |    42 ||    81
  Dodge: Dodged            |    47 |    62 ||   109
